 Dungeon Sprint DCSS version 0.30.0-2-g1aa4bd4387 (webtiles) character file.

Game seed: 14571359888375002878

12266 EarthwalkerPL the Severer (level 11, -17/118 HPs)
             Began as a Minotaur Fighter on May 7, 2023.
             Was the Champion of the Shining One.
             Demolished by a large slime creature (19 damage)
             ... in the Dungeon (Sprint V: "Ziggurat Sprint").
             The game lasted 00:11:39 (664 turns).

EarthwalkerPL the Severer (Minotaur Fighter)         Turns: 664, Time: 00:11:39

Health: -17/118    AC: 34    Str: 30    XL:     11   Next: 60%
Magic:  14/15      EV:  6    Int:  5    God:    the Shining One [******]
Gold:   0          SH:  0    Dex: 17    Spells: 10/10 levels left

rFire   . . .        n - +7 broad axe (holy)
rCold   . . .        m - +3 tower shield
rNeg    + + +        k - +9 crystal plate armour
rPois   .            (helmet restricted)
rElec   .            (no cloak)
rCorr   .            (no gloves)
SInv    .            (no boots)
Will    .....        I - amulet of the acrobat Stlth
                     D - +6 ring of strength
HPRegen 0.39/turn    z - +6 ring of dexterity
MPRegen 0.14/turn

%: no teleportation, acrobat
@: confused, glowing, studying Throwing, unable to read
A: horns 2, retaliatory headbutt, screaming 1, inability to read after injury 1,
devolution 1
a: Renounce Religion, Divine Shield, Cleansing Flame, Summon Divine Warrior


You were in the Dungeon.
You worshipped the Shining One.
The Shining One was exalted by your worship.
You visited 1 branch

Inventory:

Hand Weapons
 n - a +7 broad axe of holy wrath (weapon)
 F - the +16 obsidian axe {drain, demonic, Mesm Drain Fly SInv}
   (You found it in the Dungeon)

   Mesm:      Its wielder is mesmerised by any visible foes, and it cannot be
   unequipped while any foes are visible.
   SInv:      It lets you see invisible.
   Fly:       It grants you flight.
   Drain:     It drains your maximum health when unequipped.
   The Shining One disapproves of the use of such an item.
Armour
 a - the quicksilver dragon scales of Yrghim {Will+ Dex+4}
   (You found it in the Dungeon)

   Dex:       It affects your dexterity (+4).
   Will:      It increases your willpower.
 b - a +0 scale mail
 c - a +0 buckler
 k - a +9 crystal plate armour (worn)
 l - a +3 kite shield
 m - a +3 tower shield (worn)
 G - the +15 Maxwell's patent armour {-Cast -Tele rElec Will+ rCorr}
   (You found it in the Dungeon)

   rElec:     It insulates you from electricity.
   -Cast:     It prevents spellcasting.
   -Tele:     It prevents most forms of teleportation.
   rCorr:     It protects you from acid and corrosion.
   Will:      It increases your willpower.
 H - the +18 shield of the Gong {Loud rN+ Will+ rCorr EV-5}
   (You found it in the Dungeon)

   Loud:      It is deafeningly noisy when blocking attacks.
   EV:        It affects your evasion (-5).
   rN:        It protects you from negative energy.
   rCorr:     It protects you from acid and corrosion.
   Will:      It increases your willpower.
Jewellery
 v - a +4 ring of protection
 y - a ring of flight
 z - a +6 ring of dexterity (right hand)
 A - a +6 ring of dexterity
 B - a +6 ring of intelligence
 C - a +6 ring of intelligence
 D - a +6 ring of strength (left hand)
 E - a +6 ring of strength
 I - an amulet of the acrobat (around neck)
 J - a ring of fire
 K - a +6 ring of intelligence
 L - a +6 ring of dexterity
 M - a ring of ice
 O - a ring of magical power
 Q - a +6 ring of strength
 T - a ring of poison resistance
 V - the ring "Ybbe" {Wiz *Slow rPois rF++ rC+}
   (You found it in the Dungeon)

   [ring of wizardry]

   It improves your spell success rate.
   rF:        It greatly protects you from fire.
   rC:        It protects you from cold.
   rPois:     It protects you from poison.
   *Slow:     It may slow you when you take damage.
 W - an amulet of regeneration
 X - a +6 ring of dexterity
 Y - a ring of see invisible
Wands
 w - a wand of mindburst (7)
 x - a wand of acid (20)
 N - a wand of flame (15)
 P - a wand of roots (6)
 R - a wand of charming (6)
 S - a wand of digging (8)
 U - a wand of polymorph (5)
Scrolls
 j - 4 scrolls of blinking
 o - 4 scrolls of amnesia
 p - 6 scrolls of fog
 q - 5 scrolls of identify
 r - 2 scrolls of fear
Potions
 d - 6 potions of might
 e - 10 potions of curing
 f - 14 potions of heal wounds
 g - 6 potions of haste
 h - 7 potions of magic
 i - 3 potions of berserk rage
 s - 2 potions of brilliance
 t - 2 potions of invisibility
 u - 4 potions of resistance


   Skills:
 * Level 17.9 Fighting
 * Level 19.4 Axes
 * Level 17.7 Armour
 + Level 13.3 Shields
 * Level 6.9 Invocations


You had 10 spell levels left.
You didn't know any spells.
Your spell library contained the following spells:

 Spells                   Type           Power      Damage    Failure   Level
 Magic Dart               Conj           0%         1d3       100%        1
 Summon Small Mammal      Summ           0%         N/A       100%        1
 Call Imp                 Summ           0%         N/A       100%        2
 Cigotuvi's Dreadful Rot  Necr/Pois/Air  0%         N/A       100%        2
 Scorch                   Fire           0%         2d5       100%        2
 Sublimation of Blood     Necr           0%         N/A       100%        2
 Wereblood                Tmut           0%         N/A       100%        2
 Ignite Poison            Fire/Tmut/Pois 0%         N/A       100%        3
 Mephitic Cloud           Conj/Pois/Air  0%         N/A       100%        3
 Summon Guardian Golem    Hex/Summ       0%         N/A       100%        3
 Flame Wave               Conj/Fire      0%         2d4       100%        4
 Blade Hands              Tmut           0%         N/A       100%        5
 Freezing Cloud           Conj/Ice/Air   0%         6-21      100%        5
 Summon Cactus Giant      Summ           0%         N/A       100%        6
 Dragon Form              Tmut           0%         N/A       100%        7
 Orb of Destruction       Conj           0%         9d5       100%        7
 Spellforged Servitor     Conj/Summ      0%         N/A       100%        7
 Summon Hydra             Summ           0%         N/A       100%        7


Dungeon Overview and Level Annotations

Branches:
Dungeon (1/1)

Altars:
Ashenzari
Cheibriados
Dithmenos
Elyvilon
Fedhas
Gozag
Hepliaklqana
Kikubaaqudgha
Makhleb
Nemelex Xobeh
Okawaru
Qazlal
Ru
Sif Muna
Trog
Uskayaw
Vehumet
Wu Jian
Xom
Yredelemnul
Zin
The Shining One
Jiyva
Lugonu

Annotations:
D 1 transporter


Innate Abilities, Weirdness & Mutations

You have a pair of horns on your head.
You reflexively headbutt those who attack you in melee.
You occasionally shout uncontrollably at your foes.
You occasionally lose the ability to read scrolls when taking damage.
You have hidden genetic defects.


Message History

The shining eye gazes at you.
Strange energies course through your body.
You feel the urge to shout.
You bump into the unnaturally hard rock wall.
The very large slime creature hits you!!
* * * LOW HITPOINT WARNING * * *
The slime creature hits you but does no damage.
Unknown command.
You bump into the unnaturally hard rock wall.
A very large slime creature splits.
The slime creature hits you but does no damage.
The shining eye gazes at you.
Strange energies course through your body.
You feel a hidden malignance growing inside you.
Unknown command.
You slash the slime creature!
The slime creature is severely wounded.
You barely miss the large slime creature.
You slash the shining eye! You slash the slime creature!
You slash the shining eye!
You kill the shining eye!
The large slime creature hits you but does no damage.
The slime creature barely misses you.
You slice the shining eye!!
You kill the shining eye!
You slash the large slime creature! You hit the slime creature.
You slash the slime creature! The slime creature hits you!
* * * LOW HITPOINT WARNING * * *
The large slime creature hits you.
* * * LOW HITPOINT WARNING * * *
The slime creature hits you but does no damage.
You slice the large slime creature!! You headbutt the large slime creature!
The large slime creature is almost dead.
You slash the slime creature!
You kill the slime creature!
You slash the slime creature!
You kill the slime creature!
The large slime creature hits you!!
You feel threatened and lose the ability to read scrolls!
You die...

▓..[||"/..▓..||=)...▓
▓..|)))|..▓....[)...▓
▓.........▓.........▓
▓.........▓.........▓
▓.........▓.........▓
▓.........▓.......†.▓
▓.........▓.▓.....▓.▓
▓.▓.J...▓.▓....©....▓
▓....@....▓▓▓▓▓▓▓▓▓▓▓
▓▓▓▓▓▓▓▓▓▓▓


You could see a large slime creature.

Vanquished Creatures
  A royal mummy (D)
  A rockslime (D)
  A white draconian (D)
  A red draconian (D)
  2 yellow draconians (D)
  2 death scarabs (D)
  2 shining eyes (D)
  3 draconians (D)
  A cane toad (D)
  2 guardian mummies (D)
  2 slime creatures (D)
  A basilisk (D)
  2 golden eyes (D)
  A water moccasin (D)
  A floating eye (D)
  2 orc warriors (D)
  2 wolves (D)
  2 phantoms (D)
  A wight (D)
  2 iguanas (D)
  7 orc wizards (D)
  A hell rat (D)
  5 mummies (D)
  A river rat (D)
  An adder zombie (D)
  An adder skeleton (D)
  An orc (D)
  A bat skeleton (D)
  An endoplasm (D)
  A giant cockroach zombie (D)
  A jackal skeleton (D)
  A quokka zombie (D)
54 creatures vanquished.

Vanquished Creatures (collateral kills)
  A death scarab (D)
  A guardian mummy (D)
  A jelly (D)
  2 mummies (D)
  An endoplasm (D)
  A ball python (D)
  A quokka zombie (D)
8 creatures vanquished.

Grand Total: 62 creatures vanquished

Notes
Turn   | Place    | Note
-------+----------+-------------------------------------------
     0 | D        | EarthwalkerPL the Minotaur Fighter began the quest for the
                  | Orb.
     0 | D        | Reached XP level 1. HP: 19/19 MP: 0/0
     3 | D        | Found a blossoming altar of Fedhas.
     3 | D        | Found the +6 Majin-Bo {spellvamp, MP+6 Int+6}
     3 | D        | Found the +27 heavy crossbow "Sniper" {heavy, Acc+∞ SInv}
     3 | D        | Found the +10 dark maul {heavy}
     3 | D        | Found the +15 Maxwell's patent armour {-Cast -Tele rElec
                  | Will+ rCorr}
     3 | D        | Found the +18 shield of the Gong {Loud rN+ Will+ rCorr
                  | EV-5}
     3 | D        | Found the +16 obsidian axe {drain, demonic, Mesm Drain Fly
                  | SInv}
     3 | D        | Found the +7 great mace "Firestarter" {flame, immolate,
                  | rFlCloud rF++}
     3 | D        | Found the +6 shillelagh "Devastator" {shatter}
     3 | D        | Found the +11 plutonium sword {Contam Stlth-}
     3 | D        | Found the +8 lance "Wyrmbane" {slay drac, rPois rF+ rC+
                  | AC+3}
     3 | D        | Found the +9 sword of Zonguldrok {reap}
     3 | D        | Found the +13 scythe of Curses {drain, curses, Drain}
     3 | D        | Found the +9 sword of Power {lifebolt}
     3 | D        | Found the +7 mace of Variability {chaos, chaos arc}
     3 | D        | Found the +11 Singing Sword {sonic wave}
     3 | D        | Found the +8 storm bow {elec, penet}
     5 | D        | Found a viscous altar of Jiyva.
     5 | D        | Found a hazy altar of Hepliaklqana.
     5 | D        | Found a transporter.
     5 | D        | Found an opulent altar of Gozag.
     5 | D        | Found an ancient bone altar of Kikubaaqudgha.
     5 | D        | Found a corrupted altar of Lugonu.
     9 | D        | Found a burning altar of Makhleb.
    10 | D        | Found a sacrificial altar of Ru.
    10 | D        | Found a shimmering blue altar of Sif Muna.
    10 | D        | Found a stormy altar of Qazlal.
    10 | D        | Found a bloodstained altar of Trog.
    10 | D        | Found an iron altar of Okawaru.
    10 | D        | Found a sparkling altar of Nemelex Xobeh.
    72 | D        | Became a worshipper of the Shining One
    85 | D        | Reached skill level 9 in Axes
    85 | D        | Reached XP level 2. HP: 26/26 MP: 1/1
    86 | D        | Entered arena 2.
    86 | D        | Noticed a water moccasin
    86 | D        | Found a transporter.
    87 | D        | Was placed under penance by the Shining One
    87 | D        | Killed a water moccasin
    88 | D        | Reached skill level 10 in Axes
    88 | D        | Reached XP level 3. HP: 37/37 MP: 2/2
    88 | D        | Reached XP level 4. HP: 44/44 MP: 3/3
   106 | D        | Entered arena 3.
   106 | D        | Noticed a golden eye
   106 | D        | Was forgiven by the Shining One
   106 | D        | Found a transporter.
   109 | D        | Killed a golden eye
   110 | D        | Reached skill level 11 in Axes
   110 | D        | Reached XP level 5. HP: 41/53 MP: 4/4
   112 | D        | Reached XP level 6. HP: 48/61 MP: 5/5
   157 | D        | Entered arena 4.
   157 | D        | Reached * piety under the Shining One
   157 | D        | Noticed a guardian mummy
   157 | D        | Reached ** piety under the Shining One
   157 | D        | Found a transporter.
   163 | D        | Reached *** piety under the Shining One
   167 | D        | Killed a guardian mummy
   168 | D        | Reached skill level 12 in Axes
   168 | D        | Reached XP level 7. HP: 63/71 MP: 6/6
   176 | D        | Entered arena 5.
   176 | D        | Reached **** piety under the Shining One
   176 | D        | Found a transporter.
   182 | D        | Reached skill level 10 in Fighting
   192 | D        | Entered arena 6.
   192 | D        | Reached ***** piety under the Shining One
   192 | D        | Noticed a death scarab
   192 | D        | Found a transporter.
   194 | D        | Killed a death scarab
   195 | D        | Reached skill level 13 in Axes
   195 | D        | Reached XP level 8. HP: 82/82 MP: 7/7
   215 | D        | Entered arena 7.
   216 | D        | Found a transporter.
   220 | D        | Reached skill level 14 in Axes
   238 | D        | Entered arena 8.
   238 | D        | Reached ****** piety under the Shining One
   239 | D        | Found a transporter.
   259 | D        | Entered arena 9.
   259 | D        | Noticed a red draconian
   259 | D        | Noticed a draconian
   259 | D        | Noticed a white draconian
   259 | D        | Noticed a yellow draconian
   259 | D        | Noticed a draconian
   259 | D        | Noticed a yellow draconian
   259 | D        | Noticed a draconian
   261 | D        | Found a transporter.
   267 | D        | Killed a yellow draconian
   268 | D        | Reached skill level 15 in Axes
   268 | D        | Reached skill level 10 in Shields
   268 | D        | Reached XP level 9. HP: 77/93 MP: 8/8
   271 | D        | Killed a red draconian
   272 | D        | Reached skill level 16 in Axes
   274 | D        | Killed a draconian
   280 | D        | Killed a yellow draconian
   281 | D        | Reached XP level 10. HP: 33/104 MP: 9/9
   281 | D        | Killed a draconian
   282 | D        | Reached skill level 15 in Fighting
   282 | D        | Reached skill level 15 in Armour
   282 | D        | Killed a white draconian
   283 | D        | Reached skill level 17 in Axes
   294 | D        | Killed a draconian
   305 | D        | Got the Excursus on the Figure and Attendants
   319 | D        | Identified a +7 broad axe of holy wrath (a +5 broad axe
                  | blessed by the Shining One)
   319 | D        | Received a gift from the Shining One
   504 | D        | Got the quicksilver dragon scales of Yrghim {Will+ Dex+4}
   511 | D        | Entered arena 10.
   511 | D        | Noticed a cane toad
   518 | D        | Killed a cane toad
   525 | D        | Found a transporter.
   532 | D        | Got the ring "Ybbe" {Wiz *Slow rPois rF++ rC+}
   547 | D        | Entered arena 11.
   547 | D        | Noticed a death scarab
   547 | D        | Noticed a death scarab
   547 | D        | Noticed a royal mummy
   549 | D        | Noticed a death scarab
   549 | D        | Noticed a death scarab
   551 | D        | Noticed a death scarab
   551 | D        | Noticed a death scarab
   555 | D        | Found a transporter.
   556 | D        | Killed a death scarab
   557 | D        | Reached skill level 18 in Axes
   560 | D        | Killed a death scarab
   563 | D        | Reached XP level 11. HP: 94/116 MP: 10/12
   567 | D        | Killed a royal mummy
   568 | D        | Reached skill level 5 in Invocations
   644 | D        | Entered arena 12.
   644 | D        | Noticed a rockslime
   644 | D        | Noticed a shining eye
   644 | D        | Noticed a shining eye
   646 | D        | Found a transporter.
   646 | D        | Paralysed by a floating eye for 3 turns
   655 | D        | Reached skill level 19 in Axes
   657 | D        | Gained mutation: You occasionally lose the ability to read
                  | scrolls when taking damage. [a shining eye]
   658 | D        | Killed a rockslime
   659 | D        | Gained mutation: You occasionally shout uncontrollably at
                  | your foes. [a shining eye]
   661 | D        | Gained mutation: You have hidden genetic defects. [a
                  | shining eye]
   662 | D        | Killed a shining eye
   663 | D        | Killed a shining eye
   663 | D        | HP: 5/118 [slime creature (10)]
   663 | D        | HP: 2/118 [large slime creature (3)]
   664 | D        | Demolished by a large slime creature

Illustrated notes

Levels and vault maps discovered:
D:        sprint_v [room_start, room_1, room_2, room_3, room_4, room_5, room_6,
          room_7, room_8, room_9, room_10, room_11, room_12, room_13, room_14,
          room_15, room_16, room_17, room_18, room_19, room_20, room_21,
          room_22, room_23, room_24, room_25, room_26, room_27]

Skill      XL: |  1  2  3  4  5  6  7  8  9 10 11 |
---------------+----------------------------------+-----
Axes           | 9 10 11 12 13 15 16 18 19 | 19.4
Fighting       | 6 7 8 9 11 13 14 16 17 | 17.9
Armour         | 6 7 9 11 13 14 16 17 | 17.7
Shields        | 4 6 7 8 10 11 12 13 | 13.3
Invocations    | 3 6 |  6.9

Action                     |  1- 3 |  4- 6 |  7- 9 | 10-12 || total
---------------------------+-------+-------+-------+-------++-------
  Melee: Broad axe         |     1 |    10 |    38 |    51 ||   100
         Headbutt          |       |     3 |     7 |    10 ||    20
 Invoke: Brand Weapon With |       |       |       |     1 ||     1
    Use: Potion            |     1 |       |       |       ||     1
         Scroll            |       |       |     1 |     4 ||     5
 Armour: Plate armour      |     1 |     3 |    32 |     9 ||    45
         Crystal plate arm |       |       |       |    15 ||    15
  Dodge: Dodged            |       |     1 |    16 |    20 ||    37
  Block: Kite shield       |       |     9 |    51 |    30 ||    90
